Map: Eternal Empire LE

Players

Van (Vanya)

  • Race: Zerg Zerg
  • League: Master
  • Spawn Location: 1:00

MarineLorD - Winner!

  • Race: Terran Terran
  • League: Master
  • Spawn Location: 7:00

Event: DreamHack SC2 Masters 2020 Fall

VOD

Have the link to the VOD?

Description

Time

  • Played on: Sept. 9, 2020, 11:24 a.m.
  • Length: 10:41

All games in this series

Show
View Real Time Build Order
Export as new Build Order

Van Zerg 

Build Orders: Hatch First, Muta Ling Bane 

Get SALT Encoding   

  12  0:00  Drone  
  13  0:12  Overlord  
  13  0:16  Drone  
  14  0:30  Drone x2  
  16  0:48  Hatchery  
  15  0:51  Drone  
  15  0:55  Drone  
  17  0:58  Drone  
  18  1:09  Extractor  
  17  1:13  Spawning Pool  
  17  1:17  Drone  
  17  1:19  Drone  
  18  1:28  Drone  
  19  1:39  Drone  
  20  1:49  Overlord  
  20  2:00  Queen x2  
  20  2:01  Zergling x4  
  26  2:12  Drone x2, Metabolic Boost  
  28  2:22  Drone x2  
  30  2:33  Overlord  
  30  2:34  Drone  
  30  2:36  Queen  
  33  2:42  Queen  
  35  2:45  Drone  
  36  2:52  Drone  
  36  2:53  Drone  
  38  3:05  Drone x2  
  40  3:09  Overlord  
  40  3:12  Drone x2  
  42  3:13  Drone x2  
  44  3:28  Drone x4  
  44  3:32  Hatchery  
  47  3:35  Lair  
  47  3:38  Extractor  
  46  3:42  Extractor  
  46  3:43  Drone x3  
  48  3:53  Overlord  
  48  3:55  Drone x4  
  52  4:01  Overlord  
  51  4:10  Queen  
  51  4:12  Extractor, Baneling Nest  
  51  4:15  Zergling x4  
  51  4:16  Drone x3  
  56  4:22  Drone  
  57  4:24  Evolution Chamber  
  57  4:26  Drone x4  
  60  4:35  Spire  
  60  4:37  Spore Crawler  
  58  4:44  Drone x5  
  63  4:52  Zergling x6  
  66  4:58  Overlord  
  66  5:05  Overlord  
  66  5:11  Overlord  
  66  5:17  Drone x8  
  66  5:19  Overseer  
  74  5:21  Overlord  
  74  5:29  Drone  
  74  5:30  Drone x5  
  74  5:33  Extractor  
  74  5:34  Extractor  
  77  5:37  Centrifical Hooks  
  77  5:40  Overlord  
  77  5:47  Overseer  
  77  5:48  Mutalisk x6  
  89  5:53  Overlord  
  89  5:58  Drone x4  
  93  6:11  Hatchery  
  93  6:14  Drone  
  93  6:15  Zergling x16  
  93  6:17  Baneling x4  
  101  6:21  Drone  
  101  6:23  Evolution Chamber  
  101  6:26  Zergling x6  
  101  6:31  Mutalisk x3  
  110  6:36  Zerg Flyer Weapons Level 1  
  110  6:37  Overlord  
  110  6:41  Overlord  
  110  6:45  Zergling x6  
  113  6:48  Overlord  
  113  6:50  Zerg Melee Weapons Level 1  
  113  6:51  Zerg Ground Armor Level 1  
  113  7:02  Mutalisk  
  113  7:03  Mutalisk x3  
  113  7:04  Overlord  
  113  7:05  Zergling x10  
  126  7:16  Queen  
  126  7:19  Overlord  
  126  7:20  Mutalisk x3  
  134  7:23  Pneumatized Carapace  
  134  7:27  Zergling x14  
  141  7:38  Baneling x9  
  141  7:44  Drone x6  
  144  7:45  Overlord  
  144  7:51  Overlord  
  147  7:52  Zergling x12  
  147  7:55  Baneling x11  
  147  7:58  Overlord  
  153  8:03  Zergling x10  
  156  8:13  Zergling x4  
  156  8:15  Baneling  
  156  8:16  Baneling x6  
  158  8:23  Zergling x2, Baneling x10  
  158  8:24  Zergling x4  
  161  8:27  Zergling x8, Hatchery  
  161  8:30  Zergling x6  
  167  8:39  Zergling x18  
  171  8:47  Zergling x10  
  171  8:48  Baneling x5  
  169  8:56  Zergling x2  
  169  8:57  Zergling x12  
  174  9:04  Zergling x6  
  111  9:17  Zergling x10  
  111  9:22  Zergling x8  
  111  9:23  Baneling x5  
  99  9:26  Mutalisk x3  
  101  9:38  Mutalisk x4  
  94  9:42  Zergling x4  
  100  9:47  Baneling x2, Mutalisk x3  
  100  9:49  Baneling x3  
  105  9:55  Zergling x24  
  105  9:57  Baneling x4  
  118  10:01  Zergling x6  
  118  10:04  Baneling x4  
  119  10:12  Mutalisk x2  
  120  10:15  Zergling x6  
  120  10:18  Zergling x2  
  121  10:22  Zergling x8  
Show
View Real Time Build Order
Export as new Build Order

MarineLorD Terran - Winner!

Build Orders: Reaper Expand 

Get SALT Encoding   

  12  0:00  SCV  
  13  0:12  SCV  
  14  0:17  Supply Depot  
  14  0:24  SCV  
  15  0:39  SCV  
  15  0:40  Barracks  
  16  0:44  Refinery  
  16  0:51  SCV  
  17  1:03  SCV  
  18  1:15  SCV  
  19  1:26  Reaper  
  19  1:27  Orbital Command  
  20  1:41  Command Center  
  20  1:50  Supply Depot  
  20  1:52  SCV  
  21  1:58  Marine  
  22  2:05  SCV  
  23  2:14  Factory  
  23  2:16  Marine  
  23  2:17  SCV  
  25  2:29  SCV  
  26  2:38  Barracks Reactor  
  26  2:45  SCV  
  26  2:47  Command Center  
  27  2:55  Orbital Command  
  27  2:57  SCV  
  28  3:05  Starport  
  28  3:09  SCV  
  29  3:21  SCV  
  29  3:22  SCV  
  29  3:23  Refinery  
  29  3:24  Hellion x2  
  35  3:28  Barracks Tech Lab  
  35  3:33  SCV  
  36  3:34  SCV  
  37  3:42  Viking  
  37  3:46  Marine  
  37  3:47  Hellion x2  
  44  3:49  SCV x2  
  46  4:01  SCV  
  46  4:03  SCV  
  46  4:04  Marine  
  46  4:07  Orbital Command, Stimpack  
  48  4:15  SCV  
  49  4:20  SCV  
  49  4:21  Marine  
  51  4:24  Starport Reactor  
  51  4:25  Supply Depot  
  51  4:28  Barracks, SCV  
  52  4:31  Barracks  
  52  4:34  Orbital Command  
  52  4:36  Factory Tech Lab, SCV  
  53  4:39  Marine  
  53  4:40  SCV  
  55  4:48  SCV, Supply Depot  
  56  4:54  Engineering Bay x2  
  56  4:56  SCV, Refinery x2  
  56  4:59  SCV  
  58  5:00  Marine  
  58  5:01  SCV  
  60  5:08  SCV  
  60  5:10  Starport Reactor  
  60  5:11  SCV  
  60  5:12  Siege Tank  
  60  5:13  SCV  
  66  5:20  Marine x3  
  69  5:21  Terran Infantry Weapons Level 1  
  69  5:23  SCV  
  69  5:25  SCV x2  
  69  5:28  Marine x2  
  74  5:32  Supply Depot  
  74  5:35  SCV, Supply Depot  
  75  5:37  SCV, Marine  
  77  5:43  Missile Turret  
  77  5:47  Combat Shield  
  77  5:54  SCV x3, Marine x4  
  84  5:57  Siege Tank, Supply Depot  
  84  5:58  Terran Infantry Armor Level 1, Supply Depot  
  84  6:01  Marine  
  88  6:06  SCV x2  
  88  6:09  Missile Turret  
  90  6:12  Marine x2  
  90  6:15  Barracks x2  
  92  6:18  Marine x2  
  92  6:19  Medivac x2  
  92  6:21  SCV  
  92  6:23  SCV x2  
  101  6:28  Marine  
  101  6:29  Marine  
  101  6:30  Marine  
  104  6:33  SCV  
  104  6:35  SCV x2  
  104  6:38  Marine  
  104  6:39  Marine  
  109  6:45  Supply Depot x2  
  109  6:46  Supply Depot  
  109  6:53  Armory, SCV  
  109  6:58  Barracks x2  
  109  7:01  Barracks  
  109  7:04  Barracks Reactor  
  109  7:05  Barracks Reactor  
  109  7:06  SCV x2, Marine x4  
  115  7:10  Supply Depot  
  115  7:11  Supply Depot  
  115  7:12  Marine  
  115  7:13  Supply Depot  
  115  7:15  Siege Tank  
  119  7:16  Medivac  
  119  7:17  Medivac  
  123  7:24  Marine x4  
  126  7:30  Marine  
  126  7:41  Marine x2  
  126  7:42  Marine x6  
  134  7:44  Supply Depot  
  134  7:45  Supply Depot  
  134  7:48  Marine  
  134  7:50  Marine x2  
  134  7:51  Marine  
  136  7:52  Terran Infantry Armor Level 2  
  136  7:53  Terran Infantry Weapons Level 2  
  137  7:58  Marine x2  
  137  7:59  Marine x2  
  137  8:00  Marine x4  
  144  8:05  Marine  
  144  8:08  Marine x2  
  144  8:09  Marine  
  144  8:10  Medivac x2, Siege Tank  
  155  8:16  Marine x2  
  155  8:17  Marine x6  
  155  8:18  Supply Depot  
  163  8:23  Marine  
  163  8:26  Marine x3  
  167  8:34  Marine x2  
  167  8:35  Marine x4  
  167  8:39  Marine x2  
  175  8:41  Marine  
  175  8:43  Marine x2  
  175  8:44  Marine  
  169  8:52  Marine x2  
  169  8:53  Siege Tank, Marine x4  
  174  8:57  Marine x2  
  174  8:59  Medivac x2, Marine  
  174  9:01  Marine x2  
  181  9:05  Marine  
  179  9:10  Marine x2  
  179  9:11  Marine x4  
  179  9:15  Marine x2  
  136  9:17  Marine  
  136  9:19  Marine x2  
  136  9:23  Marine  
  128  9:26  Siege Tank  
  128  9:27  Marine x2  
  128  9:28  Marine  
  128  9:29  Medivac, Marine x3  
  139  9:33  Marine x2  
  139  9:35  Marine  
  139  9:37  Marine x2  
  144  9:41  Marine  
  144  9:45  Marine x2  
  143  9:46  Marine x4  
  143  9:49  Medivac  
  143  9:50  Marine x2  
  143  9:52  Marine  
  153  9:55  Marine x2  
  153  9:58  Siege Tank  
  153  9:59  Medivac, Marine  
  162  10:03  Marine x2  
  162  10:04  Marine x4  
  168  10:08  Marine x2  
  168  10:10  Marine  
  168  10:12  Marine x2  
  172  10:17  Marine  
  172  10:21  Marine x2  
  173  10:22  Marine x4  

Tags
 
Add a new tag
Caveats
  • Supply blocks, unpowered buildings, or Contaminate may cause inaccurate times.
  • Supply counts are checked every 10 seconds.